Map: Catallena LE (Void)

Players

Pen - Winner!

  • Race: Terran Terran
  • Spawn Location: 12:00

Liawuffeh

  • Race: Terran Terran
  • Spawn Location: 9:00

VOD

Have the link to the VOD?

Description

Time

  • Played on: Sept. 12, 2017, 4:46 p.m.
  • Length: 10:35
Show
View Real Time Build Order
Export as new Build Order

Pen Terran - Winner!

Build Orders:  

Get SALT Encoding   

  12  0:00  SCV  
  13  0:13  SCV  
  14  0:18  Supply Depot  
  14  0:25  SCV  
  15  0:39  SCV  
  15  0:41  Barracks  
  16  0:51  SCV  
  17  1:00  Refinery  
  17  1:04  SCV  
  18  1:16  SCV  
  19  1:28  SCV  
  19  1:30  Marine  
  19  1:32  Supply Depot  
  21  1:40  Orbital Command  
  21  1:49  Reaper  
  22  2:04  Command Center  
  22  2:13  SCV  
  23  2:19  Barracks  
  23  2:20  Refinery  
  23  2:31  SCV  
  24  2:39  Factory  
  24  2:43  Barracks Reactor  
  24  2:47  SCV  
  25  2:59  SCV  
  26  3:11  SCV  
  26  3:14  Barracks Tech Lab  
  26  3:21  Marine x2  
  26  3:23  SCV  
  26  3:25  Factory Tech Lab, Starport  
  29  3:28  Orbital Command  
  29  3:35  Marauder  
  29  3:40  Supply Depot  
  31  3:41  SCV  
  31  3:45  Siege Tank  
  35  3:52  Supply Depot  
  35  3:53  Orbital Command  
  35  3:54  SCV  
  36  4:04  Marine x2  
  36  4:05  Marauder  
  36  4:06  SCV  
  36  4:08  Stimpack  
  41  4:15  Starport Reactor  
  41  4:21  SCV x2  
  41  4:22  Bunker  
  43  4:30  Marine x2  
  43  4:31  Marauder  
  47  4:36  SCV  
  47  4:37  SCV  
  49  4:48  SCV  
  49  4:49  Siege Tank  
  53  4:56  SCV, Refinery  
  53  4:57  Refinery  
  54  5:00  Supply Depot  
  54  5:01  Marine x2, SCV  
  54  5:02  Marauder  
  59  5:08  SCV  
  59  5:13  SCV  
  61  5:19  Marine  
  61  5:21  Marine, SCV, Medivac  
  62  5:23  Marauder  
  68  5:35  SCV  
  69  5:36  Marine  
  69  5:38  SCV  
  69  5:39  Marine  
  72  5:44  Marauder  
  72  5:47  SCV  
  75  5:53  Command Center, Medivac  
  75  5:54  Marine  
  78  5:58  Supply Depot  
  78  6:01  Supply Depot  
  78  6:17  Supply Depot  
  78  6:19  SCV x2  
  78  6:20  Marauder  
  78  6:21  Supply Depot  
  82  6:25  Supply Depot  
  82  6:29  Marine x2  
  82  6:31  Siege Tank  
  82  6:32  SCV x2, Medivac  
  91  6:41  Marauder  
  93  6:48  Barracks  
  93  6:49  Barracks  
  93  6:50  SCV  
  93  6:51  Marine x2, SCV  
  97  7:02  Marauder  
  97  7:03  SCV  
  97  7:04  SCV  
  98  7:08  Marine  
  98  7:09  Marine  
  98  7:15  SCV  
  86  7:16  SCV  
  86  7:20  Supply Depot x2  
  87  7:23  Marine  
  87  7:26  Siege Tank  
  87  7:27  SCV  
  92  7:30  Medivac  
  92  7:31  Medivac  
  96  7:38  Engineering Bay x2, Orbital Command  
  96  7:41  Marine x2  
  96  7:42  Marauder  
  96  7:43  Barracks Reactor  
  100  7:44  Barracks Reactor  
  100  7:55  SCV x2  
  100  7:58  Siege Tank  
  105  8:04  Supply Depot x2  
  105  8:07  SCV  
  105  8:08  SCV x2  
  105  8:10  Marine x2  
  105  8:11  Marauder  
  112  8:13  Medivac  
  112  8:14  Medivac  
  112  8:19  SCV  
  117  8:20  SCV  
  117  8:21  Marine x3  
  117  8:22  Marine  
  122  8:27  Refinery  
  122  8:30  Supply Depot, Terran Infantry Weapons Level 1, Siege Tank  
  122  8:32  Terran Infantry Armor Level 1  
  125  8:41  SCV x2  
  125  8:42  Marine x5, SCV  
  125  8:43  Marine  
  134  9:06  SCV x3  
  129  9:18  Marine x5, SCV x3  
  129  9:19  Marine x2  
  129  9:22  Siege Tank  
  142  9:30  SCV x3  
  145  9:35  Marine  
  145  9:36  Marine x2  
  145  9:38  Marauder  
  150  9:40  Marine x2  
  150  9:41  Marine  
  150  9:42  Medivac x2  
  157  9:52  SCV x2  
  134  9:53  Marine x2, SCV  
  134  9:54  Marine, Siege Tank  
  134  9:58  Marine x2  
  134  9:59  Marine x2  
  145  10:04  SCV x2  
  145  10:06  SCV  
  148  10:11  Marine x3  
  155  10:16  Marine x2  
Show
View Real Time Build Order
Export as new Build Order

Liawuffeh Terran 

Build Orders: MMM Bio 

Get SALT Encoding   

  12  0:02  SCV  
  13  0:14  SCV  
  14  0:24  Supply Depot  
  14  0:26  SCV  
  15  0:45  SCV  
  15  0:46  Barracks  
  16  0:57  SCV  
  17  1:10  SCV  
  18  1:22  SCV, Refinery  
  19  1:34  SCV  
  19  1:37  Supply Depot  
  20  1:40  Marine  
  20  1:43  Barracks  
  20  1:46  SCV  
  22  1:58  SCV  
  23  2:03  Bunker  
  23  2:06  Marine  
  24  2:10  SCV  
  25  2:19  Refinery  
  25  2:22  SCV  
  26  2:30  Barracks Tech Lab  
  26  2:34  SCV  
  26  2:35  Barracks Reactor  
  26  2:37  Command Center  
  27  2:46  SCV  
  27  2:49  Marine  
  29  2:53  Stimpack  
  29  2:58  SCV  
  30  3:10  SCV  
  31  3:20  Supply Depot  
  31  3:42  Marine x2, SCV, Reaper  
  35  3:49  Engineering Bay x2  
  35  3:51  Refinery  
  35  3:52  Supply Depot  
  35  3:57  Barracks  
  35  4:04  Orbital Command  
  35  4:14  Refinery, Orbital Command  
  35  4:36  Terran Infantry Armor Level 1, Terran Infantry Weapons Level 1  
  35  4:40  Marine  
  35  4:41  Marine, Factory  
  37  4:46  Barracks Reactor  
  37  4:56  SCV x2  
  39  5:02  Marine x2  
  39  5:03  Marine  
  42  5:08  SCV  
  42  5:11  Combat Shields  
  42  5:14  SCV  
  43  5:20  SCV  
  44  5:26  SCV  
  44  5:27  Marine x2, Armory  
  44  5:28  Marine x2  
  49  5:32  SCV  
  50  5:44  Marine  
  50  5:45  Marine x3  
  50  5:46  Marine  
  55  6:02  Marine  
  55  6:03  Marine x4  
  60  6:08  SCV x2  
  62  6:20  Marine, SCV x2  
  65  6:32  SCV x2  
  67  6:37  Command Center  
  67  6:42  Starport  
  67  6:44  Marine, Supply Depot, SCV x2  
  70  6:51  Supply Depot  
  70  7:05  Marine  
  70  7:06  Marine x2  
  64  7:10  Marine x2  
  60  7:23  Marine  
  60  7:24  Marine x2  
  60  7:26  Terran Infantry Weapons Level 2  
  60  7:28  Marine x2  
  60  7:29  Barracks  
  65  7:30  Terran Infantry Armor Level 2  
  65  7:37  Starport Reactor  
  65  7:41  Marine x3  
  68  7:45  Marine  
  68  7:46  Marine  
  70  7:55  Orbital Command  
  70  7:59  Marine x2  
  70  8:02  SCV x2  
  70  8:05  Marine  
  74  8:06  Marine x2  
  77  8:14  SCV x2  
  77  8:16  Marine, Barracks Reactor  
  77  8:19  Barracks  
  80  8:23  Barracks  
  80  8:26  Marine x2  
  82  8:27  Marine x2  
  84  8:34  Marine  
  84  8:36  Supply Depot x2  
  84  8:39  Supply Depot  
  85  8:41  Supply Depot  
  78  9:02  Supply Depot  
  76  9:10  Marine x7  
  76  9:18  Medivac x2  
  78  9:28  Marine x7  
  84  9:45  Marine  
  84  9:46  Marine x6  
  84  9:48  Medivac  
  63  10:03  Marine  
  63  10:04  Marine x6  
  63  10:05  Barracks Reactor  
Tags
 
Composition
MMM Bio
Matchup
TvT
Race
Terran
Spawn Locations
Close Positions
Add a new tag
Caveats
  • Supply blocks, unpowered buildings, or Contaminate may cause inaccurate times.
  • Supply counts are checked every 10 seconds.